Map: Echo LE (Void)

Players

Fallenger - Winner!

  • Race: Zerg Zerg
  • League: Master
  • Spawn Location: 11:00

YamatoSC

  • Race: Zerg Zerg
  • League: Diamond
  • Spawn Location: 5:00

VOD

Have the link to the VOD?

Description

Time

  • Played on: Jan. 22, 2017, 12:41 p.m.
  • Length: 3:28
Show
View Real Time Build Order
Export as new Build Order

Fallenger Zerg - Winner!

Build Orders: Pool Only 

Get SALT Encoding   

  12  0:01  Drone  
  13  0:10  Drone  
  13  0:12  Extractor  
  13  0:28  Spawning Pool  
  12  0:32  Drone  
  13  0:37  Drone  
  14  0:45  Drone, Extractor  
  15  0:57  Overlord  
  15  1:15  Zergling x2  
  15  1:16  Queen  
  18  1:19  Metabolic Boost  
  18  1:26  Zergling x2  
  18  1:28  Zergling x2  
  20  1:40  Baneling Nest  
  20  1:43  Zergling x2  
  20  1:50  Zergling x4  
  22  1:59  Overlord  
  22  2:09  Extractor  
  22  2:10  Zergling x2  
  23  2:24  Baneling  
  23  2:25  Baneling x3  
  23  2:28  Zergling x8  
  27  2:38  Zergling x2  
  26  3:06  Zergling x6  
Show
View Real Time Build Order
Export as new Build Order

YamatoSC Zerg 

Build Orders: Hatch First 

Get SALT Encoding   

  12  0:01  Drone  
  13  0:11  Drone  
  14  0:17  Overlord  
  14  0:26  Drone, Extractor  
  15  0:36  Drone x2  
  17  0:53  Hatchery  
  17  0:55  Drone  
  17  0:56  Extractor  
  16  1:06  Drone x2  
  18  1:20  Spawning Pool  
  17  1:27  Drone  
  17  1:28  Drone  
  19  1:39  Overlord  
  19  2:07  Zergling x2, Queen x2  
  24  2:08  Metabolic Boost  
  24  2:10  Zergling x2  
  24  2:11  Zergling x2  
  24  2:13  Drone  
  27  2:16  Drone  
  28  2:27  Zergling x4  
  30  2:35  Baneling Nest  
  29  2:37  Spine Crawler  
  29  2:39  Zergling x2  
  29  2:57  Zergling x4  
  29  2:58  Zergling x4  
  29  3:01  Zergling x2  
  26  3:06  Zergling x2  
Tags
 
Add a new tag
Caveats
  • Supply blocks, unpowered buildings, or Contaminate may cause inaccurate times.
  • Supply counts are checked every 10 seconds.